 Dungeon Crawl Stone Soup version 0.17-a0-1378-g281efdd (webtiles) character file.

55 bal the Magician (level 3, -3/23 HPs)
             Began as an Octopode Wizard on June 14, 2015.
             Killed from afar by an orc wizard (10 damage)
             ... with a magic dart
             ... on level 3 of the Dungeon.
             The game lasted 00:11:31 (1882 turns).

bal the Magician (Octopode Wizard)                  Turns: 1882, Time: 00:11:31

Health: -3/23      AC:  1    Str:  6    XL:     3   Next: 93%
Magic:  3/8        EV: 12    Int: 21    God:
Gold:   77         SH:  0    Dex: 10    Spells: 4 memorised, 0 levels left

rFire  + . .     SeeInvis .     e - +0 hand axe
rCold  . . .     Clarity  .     (no shield)
rNeg   . . .     SustAt   .     a - +0 hat
rPois  .         Gourm    .     (no amulet)
rElec  .         Spirit   .     (no ring)
rCorr  .         Warding  .     (no ring)
rMut   .         Stasis   .     (no ring)
MR     .....                    (no ring)
Stlth  +++.......               (no ring)
                                (no ring)
                                (no ring)
                                (no ring)

@: not resistant to hostile enchantments, fairly stealthy
A: almost no armour, amphibious, 8 rings, constrict 8, camouflage 1, fire
resistance 1, gelatinous body 1
a: no special abilities


You were on level 3 of the Dungeon.
You were not hungry.

You visited 1 branch of the dungeon, and saw 3 of its levels.

You collected 77 gold pieces.

Inventory:

Hand weapons
 e - a +0 hand axe (weapon)
 g - a +0 mace
Missiles
 h - 34 sling bullets
Armour
 a - a +0 hat (worn)
Scrolls
 f - a scroll of recharging {unknown}
Books
 b - a book of Minor Magic

   Spells                             Type                      Level
   a - Magic Dart                     Conjuration                  1
   b - Blink                          Translocation                2
   c - Call Imp                       Summoning                    2
   d - Repel Missiles                 Charms/Air                   2
   e - Slow                           Hexes                        2
   f - Conjure Flame                  Conjuration/Fire             3
   g - Mephitic Cloud                 Conjuration/Poison/Air       3
Comestibles
 c - 2 bread rations
 d - 2 chunks of flesh


   Skills:
 + Level 1.0 Fighting
 + Level 2.2 Dodging
 + Level 3.0 Stealth
 + Level 0.6 Unarmed Combat
 + Level 3.7 Spellcasting
 + Level 1.3 Conjurations
 + Level 1.2 Summonings
   Level 1.0 Translocations


You couldn't memorise any spells.
You knew the following spells:

 Your Spells              Type           Power        Failure   Level  Hunger
a - Magic Dart            Conj           #...         10%         1    None
b - Call Imp              Summ           #.......     12%         2    ##.....
c - Mephitic Cloud        Conj/Pois/Air  #.......     34%         3    ###....
d - Conjure Flame         Conj/Fire      #.......     30%         3    ###....


Dungeon Overview and Level Annotations

Branches:
Dungeon (3/15)

Altars:


Innate Abilities, Weirdness & Mutations

You cannot wear most types of armour.
You are amphibious.
You can wear up to eight rings at the same time.
You can use your tentacles to constrict eight enemies at once.
Your skin changes colour to match your surroundings (Stealth).
Your rubbery body absorbs attacks (AC +1).
Your flesh is heat resistant.


Message History

a trident; a leather armour; an orc corpse You hit the orc.
Your grab misses the orc.
The orc is lightly wounded.
The orc hits you with a hand axe.
You hit the orc. Your grab misses the orc.
The orc is heavily wounded.
Your crimson imp disappears in a puff of smoke!
Your crimson imp blinks!
The orc hits you with a hand axe.
An orc wizard comes into view. It is wielding a vampiric dagger.
You closely miss the orc. Your grab misses the orc.
The orc is heavily wounded.
The orc hits you with a hand axe.
* * * LOW HITPOINT WARNING * * *
Your crimson imp disappears in a puff of smoke!
Things that are here:
a club; a hobgoblin skeleton The orc wizard gestures at you while chanting.
The magic dart hits you!
You die...

### ### #.#
... #.####..#
#.. #.)......
#...#.########
#..oo.).@..#
#..#######)#
+...........>#
#.##..##......
#. #. #.#.....
# #. # #.#####
#. #. #. #. #.


You could see an orc wizard and an orc.

Vanquished Creatures
  An adder (D:2)
  A giant gecko (D:2)
  An orc (D:3)
  A giant cockroach (D:1)
  3 hobgoblins
  6 jackals (D:1)
  3 kobolds (D:1)
  6 bats
  3 goblins
  2 rats (D:1)
27 creatures vanquished.

Vanquished Creatures (collateral kills)
  An adder (D:2)
  3 orcs (D:3)
  A goblin (D:2)
  3 hobgoblins
  2 kobolds (D:1)
  A ball python (D:2)
  2 jackals (D:1)
13 creatures vanquished.

Vanquished Creatures (others)
  5 toadstools (D:1)
5 creatures vanquished.

Grand Total: 45 creatures vanquished

Notes
Turn   | Place    | Note
--------------------------------------------------------------
     0 | D:1      | bal the Octopode Wizard began the quest for the Orb.
     0 | D:1      | Reached XP level 1. HP: 11/11 MP: 4/4
   312 | D:1      | Reached XP level 2. HP: 3/17 MP: 4/6
   322 | D:1      | Gained mutation: Your flesh is heat resistant. [potion of beneficial mutation]
   700 | D:1      | Learned a level 2 spell: Call Imp
  1038 | D:1      | Reached XP level 3. HP: 19/22 MP: 0/8
  1048 | D:1      | Learned a level 3 spell: Mephitic Cloud
  1376 | D:2      | Found a faded altar to an unknown god.
  1388 | D:2      | Reached skill level 1 in Fighting
  1473 | D:2      | HP: 1/34 [ball python (1)]
  1820 | D:3      | Learned a level 3 spell: Conjure Flame
  1882 | D:3      | Killed from afar by an orc wizard

Vault maps used:
D:1:      ldierk_walled_garden, minmay_misc_feat_columns
D:2:      nicolae_overflow_crystal_walls, fedhas_altar_1, ecumenical_altar_1,
          minmay_cupped, uniq_iyjb, uniq_robin, uniq_natasha

Action                   || total
-------------------------++-------
Melee: Unarmed           ||    36
       Mace              ||    54
       Hand axe          ||     5
 Cast: Magic Dart        ||    20
       Call Imp          ||    18
       Mephitic Cloud    ||     1
  Use: Potion            ||     4
       Scroll            ||     1
 Stab: Sleeping          ||     1
       Distracted        ||     1
  Eat: Chunk             ||     2
       Bread ration      ||     1
